 Dungeon Crawl Stone Soup version 0.30-a0-1161-g0704695555 (webtiles) character file.

Game seed: 13587702065682316798

1166 Twinkles the Ruffian (level 8, -8/74 HPs)
             Began as an Armataur Monk on Apr 26, 2023.
             Mangled by Duvessa
             ... wielding a +0 rapier
              (10 damage)
             ... on level 4 of the Dungeon on Apr 27, 2023.
             The game lasted 00:12:02 (3492 turns).

Twinkles the Ruffian (Armataur Monk)                Turns: 3492, Time: 00:12:03

Health: -8/74      AC:  5    Str: 18    XL:     8   Next: 17%
Magic:  8/8        EV:  9    Int: 10    God:
Gold:   55         SH:  0    Dex: 14    Spells: 7/7 levels left

rFire   . .          .
                       - Unarmed
rCold   . . .        g - orb {*Rage}
rNeg    . . .        e - +0 ring mail
rPois   +            (no helmet)
rElec   .            (no cloak)
rCorr   .            (no gloves)
SInv    .            (no barding)
Will    .....        (no amulet)
Stlth   +            f - ring of flight
HPRegen 0.32/turn    k - ring of poison resistance
MPRegen 0.11/turn

%: random rage (20%), roll
@: flying
A: large, rugged brown scales 3, deformed body, armoured tail, roll, long
tongue, awkward tongue
a: no special abilities


You were on level 4 of the Dungeon.
You visited 1 branch of the dungeon, and saw 4 of its levels.

You collected 104 gold pieces.
You spent 49 gold pieces at shops.

Inventory:

Armour
 a - a +0 robe
 c - an orb of light
 e - a +0 ring mail (worn)
 g - an orb of wrath (worn)
Jewellery
 f - a ring of flight (left hand)
 h - a ring of magical power
 k - a ring of poison resistance (right hand)
 u - the Hermit's Pendant {Faith Invo=14 Evo=0 MP+5}
   (You found it on level 3 of the Dungeon)

   [amulet of faith]

   Invo=14: It sets your Invocations skill to 14.
   Evo=0: It sets your Evocations skill to 0.
   It allows you to gain divine favour quickly.
   MP:        It affects your magic capacity (+5).
Scrolls
 i - a scroll of identify {unknown}
 j - a scroll of magic mapping {unknown}
 n - a scroll of fear {unknown}
 q - a scroll of teleportation {unknown}
 s - a scroll of fog {unknown}
 t - a scroll of vulnerability {unknown}
 v - a scroll of enchant armour {unknown}
 y - a scroll of acquirement {unknown}
 z - a scroll of poison {unknown}
Potions
 b - a potion of invisibility {unknown}
 d - 2 potions of attraction {unknown}
 l - 2 potions of curing {unknown}
 m - 2 potions of flight {unknown}
 o - a potion of brilliance {unknown}
 p - a potion of cancellation {unknown}
 r - 2 potions of mutation {unknown}
 w - a potion of heal wounds {unknown}
 x - a potion of might {unknown}


   Skills:
 + Level 5.8 Fighting
 - Level 2.2 Dodging
 * Level 7.7 Unarmed Combat


You had 7 spell levels left.
You didn't know any spells.
Your spell library contained the following spells:

 Spells                   Type           Power      Damage    Failure   Level
 Magic Dart               Conj           0%         1d3       56%         1
 Call Imp                 Summ           0%         N/A       71%         2
 Cigotuvi's Dreadful Rot  Necr/Pois/Air  0%         N/A       71%         2
 Mephitic Cloud           Conj/Pois/Air  0%         N/A       90%         3
 Dispel Undead            Necr           0%         3d6       100%        4
 Death Channel            Necr           0%         N/A       100%        6


Dungeon Overview and Level Annotations

Branches:
Dungeon (4/15) Zot: 20301
 Temple: D:4-7

Altars:

Shops:
D:1 [   D:4 [?*

Annotations:
D:4 Duvessa


Innate Abilities, Weirdness & Mutations

You are completely covered in rugged brown scales. (AC +3, +7% HP)
Armour fits poorly on your strangely shaped body.
You have a long armoured tail.
You roll when moving toward enemies. (Rampage)
Your long tongue fully drains potion bottles. (2x potion effects)
Your tongue gives you trouble enunciating. (1.5x scroll delay)


Message History

Dowan shouts!
You roll towards Dowan!
Duvessa, Sister of Dowan comes into view.
She is wielding a +0 rapier and wearing a +0 ring mail of poison resistance.
Duvessa shouts!
You roll towards Dowan!
Dowan barely misses you.
You punch Dowan! You tail-slap Dowan.
Dowan is heavily wounded.
Dowan hits you but does no damage.
You barely miss Dowan.
Dowan is heavily wounded.
You punch Dowan!
You kill Dowan!
Duvessa screams, "No!
How DARE you!"
Duvessa goes berserk!
Duvessa hits you with a +0 rapier!
You punch Duvessa! You tail-slap Duvessa.
Duvessa is lightly wounded.
Duvessa misses you.
You barely miss Duvessa. You tail-slap Duvessa.
Duvessa is moderately wounded.
Duvessa hits you with a +0 rapier.
You hit Duvessa.
Duvessa is moderately wounded.
Duvessa hits you with a +0 rapier! x2
You hit Duvessa but do no damage.
Your tail-slap misses Duvessa.
Duvessa is moderately wounded.
Duvessa hits you with a +0 rapier!
You hit Duvessa but do no damage.
Your tail-slap misses Duvessa.
Duvessa is moderately wounded.
Duvessa misses you.
You hit Duvessa but do no damage.
Duvessa is moderately wounded.
Duvessa hits you with a +0 rapier!
* * * LOW HITPOINT WARNING * * *
Duvessa hits you with a +0 rapier!
* * * LOW HITPOINT WARNING * * *
You hit Duvessa.
You tail-slap Duvessa, but do no damage.
Duvessa is moderately wounded.
Duvessa hits you with a +0 rapier!
You die...

#.##.# #.##### #.
#.##.#############.# #.
#.##.#.............# #.
#.##.#.############# #.
.......# #. ##.#.### #.
#....# #.
########################
................@e......
########################


You could see Duvessa (berserk).

Vanquished Creatures
  Pikel (D:3)
  Sigmund (D:2)
  Menkaure (D:4)
  A bullfrog (D:3)
  Dowan (D:4)
  An orc priest (D:3)
  Terence (D:2)
  Jessica (D:2)
  2 iguanas
  Natasha (D:4)
  Robin (D:2)
  2 adders
  4 worms
  3 dart slugs
  8 orcs (D:3)
  9 ball pythons
  6 endoplasms
  2 giant cockroaches (D:1)
  12 hobgoblins
  3 jackals (D:3)
  A quokka (D:2)
  6 bats
  4 frilled lizards
  12 goblins
  9 kobolds
  2 rats
95 creatures vanquished.

Notes
Turn   | Place    | Note
-------+----------+-------------------------------------------
     0 | D:1      | Twinkles the Armataur Monk began the quest for the Orb.
     0 | D:1      | Reached XP level 1. HP: 19/19 MP: 1/1
    62 | D:1      | Reached skill level 3 in Unarmed Combat
   137 | D:1      | Reached XP level 2. HP: 26/26 MP: 2/2
   137 | D:1      | Upgraded the game from 0.30-a0-1160-g6e42c06551 to
                  | 0.30-a0-1161-g0704695555
   193 | D:1      | Found Meetsute's Armour Boutique.
   746 | D:1      | Reached XP level 3. HP: 33/33 MP: 3/3
  1000 | D:2      | Noticed Jessica
  1004 | D:2      | Killed Jessica
  1046 | D:2      | Found a faded altar of an unknown god.
  1078 | D:2      | Reached skill level 4 in Unarmed Combat
  1078 | D:2      | Reached XP level 4. HP: 40/40 MP: 4/4
  1124 | D:2      | Noticed Terence
  1135 | D:2      | Killed Terence
  1331 | D:2      | Noticed Sigmund
  1350 | D:2      | HP: 12/40 [something (2)]
  1353 | D:2      | HP: 4/40 [something (6)]
  1368 | D:2      | Killed Sigmund
  1369 | D:2      | Reached skill level 5 in Unarmed Combat
  1369 | D:2      | Reached XP level 5. HP: 40/49 MP: 5/5
  1369 | D:2      | Reached XP level 6. HP: 45/55 MP: 6/6
  1385 | D:2      | Noticed Robin
  1401 | D:2      | HP: 14/55 [goblin/+0 club[Robin] (3)]
  1410 | D:2      | HP: 14/55 [goblin/+0 club[Robin] (2)]
  1416 | D:2      | HP: 6/55 [goblin/+0 club[Robin] (4)]
  1425 | D:2      | HP: 9/55 [goblin/+0 club[Robin] (1)]
  1434 | D:2      | HP: 8/55 [Robin/+0 club (3)]
  1436 | D:2      | Killed Robin
  2654 | D:3      | Found a faded altar of an unknown god.
  2654 | D:3      | Found the Hermit's Pendant {Faith Invo=14 Evo=0 MP+5}
  2757 | D:4      | Noticed Pikel
  2772 | D:3      | Killed Pikel
  2773 | D:3      | Reached skill level 5 in Fighting
  2773 | D:3      | Reached skill level 7 in Unarmed Combat
  2773 | D:3      | Reached XP level 7. HP: 65/65 MP: 7/7
  2853 | D:4      | Found Unuwietun's Assorted Antiques.
  2860 | D:4      | Bought a sapphire potion for 23 gold pieces
  2860 | D:4      | Bought a scroll labelled XUNUCU AMNONAZ for 26 gold pieces
  2904 | D:4      | Found Veol's Armour Boutique.
  3074 | D:4      | Found Vulaunicw's Magic Scroll Emporium.
  3152 | D:4      | Noticed Natasha
  3157 | D:4      | Killed Natasha
  3332 | D:4      | Reached XP level 8. HP: 73/73 MP: 8/8
  3338 | D:4      | Noticed Menkaure
  3343 | D:4      | Killed Menkaure
  3480 | D:4      | Noticed Dowan
  3481 | D:4      | Noticed Duvessa
  3485 | D:4      | Killed Dowan
  3491 | D:4      | HP: 13/74 [Duvessa/+0 rapier (12)]
  3491 | D:4      | HP: 2/74 [Duvessa/+0 rapier (11)]
  3492 | D:4      | Mangled by Duvessa

Illustrated notes

Levels and vault maps discovered:
D:1:      dpeg_arrival_more_subterranean_lakeside_camping, layout_basic,
          serial_shops, shop
D:2:      layout_rooms, chequers_ecumenical_altar_island, uniq_jessica,
          uniq_terence, uniq_sigmund, uniq_robin
D:3:      layout_loops_ring, hellmonk_guarded_unrand_hermit
D:4:      layout_basic, serial_shops, shop, nicolae_shop_overgrown_old_shop,
          shop, uniq_natasha, uniq_menkaure, uniq_duvessa, uniq_pikel

Skill      XL: |  1  2  3  4  5  6 |
---------------+-------------------+-----
Unarmed Combat | 3 4 5 7 |  7.7
Fighting       | 3 4 5 |  5.8
Dodging        | |  2.2

Action                     |  1- 3 |  4- 6 |  7- 9 || total
---------------------------+-------+-------+-------++-------
  Melee: Unarmed           |    83 |   186 |    39 ||   308
         Tailslap          |    18 |    22 |     4 ||    44
    Use: Potion            |       |     1 |       ||     1
 Armour: Robe              |     4 |       |       ||     4
         Ring mail         |    29 |    59 |    11 ||    99
  Dodge: Dodged            |    36 |    67 |     7 ||   110

Table legend: (Time is in decaauts)
 A = Elapsed time spent in this place.
 B = Non-inter-level travel time spent in this place.
 C = Inter-level travel time spent in this place.
 D = Time resting spent in this place.
 E = Time spent auto-exploring this place.
 F = Levels seen in this place.
 G = Mean time per level.
                   A        B        C        D        E       F      G
               +--------+--------+--------+--------+--------+-----+--------+
         Total |   3697 |   3473 |    224 |    340 |   2415 |   4 |  924.2 |
       Dungeon |   3697 |   3473 |    224 |    340 |   2415 |   4 |  924.2 |
               +--------+--------+--------+--------+--------+-----+--------+

Top non-repeatable levels by time:
     D:2: 1087 daAuts
     D:3: 1056 daAuts
     D:1: 871 daAuts
     D:4: 682 daAuts
